 Seeded DCSS version 0.30-a0-134-gb40fab5c76 (webtiles) character file.

Game seed: 17246712331252751712 (custom seed)

39135 wilfster70 the Victor of a Thousand Battles (level 14, -4/80 HPs)
             Began as a Gargoyle Ice Elementalist on Sept 19, 2022.
             Was the Champion of Okawaru.
             Slain by a death yak simulacrum (17 damage)
             ... in an ice cave.
             The game lasted 00:45:54 (18618 turns).

wilfster70 the Victor of a Thousand Battles (GrIE) Turns: 18618, Time: 00:45:55

Health: -4/80      AC: 23    Str: 17    XL:     14   Next: 5%
Magic:  27/27      EV: 12    Int: 26    God:    Okawaru [******]
Gold:   1666       SH:  0    Dex: 14    Spells: 17/31 levels left

rFire   . . .      SeeInvis .    a - +3 greatsling "Punk" {acid, rCorr}
rCold   + . .      Faith    .    (no shield)
rNeg    + . .      Spirit   .    G - +0 steam dragon scales
rPois   ∞          Reflect  .    Q - +0 hat {Int+3}
rElec   +          Harm     .    (no cloak)
rCorr   +          Rampage  .    J - +0 pair of gloves
Will    ++...                    L - +2 pair of boots of Subjectivity {rPois Will+ Int+3 Dex+4}
Stlth   ++........               R - amulet of regeneration
HPRegen 1.03/turn                m - ring "Faego" {rElec AC+4 Str+4}
MPRegen 0.20/turn                O - ring of protection from cold

@: flying
A: sickness immunity, AC +10, big wings, negative energy resistance 1,
electricity resistance, torment resistance 1, petrification resistance
a: Renounce Religion, Heroism, Finesse, Duel


You were in an ice cave.
You worshipped Okawaru.
Okawaru was exalted by your worship.
You visited 3 branches of the dungeon, and saw 17 of its levels.
You also visited: Sewer and Ice Cave.

You collected 2072 gold pieces.
You spent 406 gold pieces at shops.

Inventory:

Hand Weapons
 a - the +3 greatsling "Punk" (weapon) {acid, rCorr}
   (You acquired it on level 1 of the Dungeon)

   Any ammunition fired from it is coated in acid, damaging and corroding those
   it strikes.
   rCorr:     It protects you from acid and corrosion.
 b - a +7 demon trident of electrocution
Armour
 F - a +2 kite shield of protection
 G - +0 steam dragon scales (worn)
 J - a +0 pair of gloves (worn)
 L - the +2 pair of boots of Subjectivity (worn) {rPois Will+ Int+3 Dex+4}
   (Okawaru gifted it to you on level 10 of the Dungeon)

   Int:       It affects your intelligence (+3).
   Dex:       It affects your dexterity (+4).
   rPois:     It protects you from poison.
   Will:      It increases your willpower.
 N - a +2 robe of willpower
 Q - a +0 hat of intelligence (worn)
Jewellery
 c - a ring of fire
 m - the ring "Faego" (left hand) {rElec AC+4 Str+4}
   (You acquired it on level 1 of the Dungeon)

   [ring of protection]

   AC:        It affects your AC (+4).
   Str:       It affects your strength (+4).
   rElec:     It insulates you from electricity.
 n - a ring of positive energy
 K - a ring of magical power
 O - a ring of protection from cold (right hand)
 R - an amulet of regeneration (around neck)
Wands
 h - a wand of mindburst (3)
 y - a wand of paralysis (11)
 M - a wand of flame (22)
Scrolls
 d - 3 scrolls of blinking {unknown}
 e - 8 scrolls of teleportation
 f - 2 scrolls of fog
 i - 3 scrolls of poison
 j - a scroll of amnesia
 s - 3 scrolls of summoning {unknown}
 t - 5 scrolls of magic mapping {unknown}
 w - 2 scrolls of noise {unknown}
 x - 4 scrolls of fear {unknown}
 E - a scroll of silence {unknown}
 H - a scroll of enchant armour {unknown}
 I - a scroll of immolation {unknown}
 P - 2 scrolls of brand weapon
Potions
 g - 8 potions of curing
 k - 2 potions of magic
 l - 2 potions of cancellation
 o - 3 potions of lignification
 p - 6 potions of ambrosia
 u - 4 potions of invisibility
 v - 3 potions of heal wounds
 z - 3 potions of resistance
 A - 2 potions of mutation
 B - 2 potions of berserk rage
 C - 3 potions of might
 D - a potion of brilliance
Miscellaneous
 q - a tin of tremorstones (2/2)


   Skills:
 - Level 6.0 Fighting
 - Level 9.0 Polearms
 - Level 9.5 Ranged Weapons
 - Level 1.5 Dodging
 - Level 2.1 Stealth
 + Level 9.2 Spellcasting
 + Level 9.1 Conjurations
 - Level 4.0 Translocations
 - Level 3.0 Transmutations
 - Level 6.0 Ice Magic
 - Level 10.0 Earth Magic
 - Level 10.0 Invocations


You had 17 spell levels left.
You knew the following spells:

 Your Spells              Type           Power      Damage    Failure   Level
a - Freeze                Ice            100%       1d11      1%          1
b - Frozen Ramparts       Ice            86%        1d13      1%          3
c - Passwall              Tmut/Erth      37%        N/A       1%          2
d - Iron Shot             Conj/Erth      28%        9d6       16%         6
g - Blink                 Tloc           64%        N/A       1%          2

Your spell library contained the following spells:

 Spells                   Type           Power      Damage    Failure   Level
 Beastly Appendage        Tmut           54%        N/A       1%          1
 Foxfire                  Conj/Fire      100%       2x1d9     1%          1
 Sandblast                Erth           100%       2d20      1%          1
 Ozocubu's Armour         Ice            43%        N/A       1%          3
 Stone Arrow              Conj/Erth      100%       3d13      1%          3
 Ensorcelled Hibernation  Hex/Ice        54%        N/A       2%          2
 Wereblood                Tmut           27%        N/A       2%          2
 Hailstorm                Conj/Ice       50%        3d11      2%          4
 Lesser Beckoning         Tloc           32%        N/A       3%          3
 Iskenderun's Battlesphe  Conj           56%        2d11      3%          5
 Flame Wave               Conj/Fire      35%        2d10      8%          4
 Kindle Blastsparks       Fire/Tloc/Air  36%        2d13      9%          3
 Spider Form              Tmut/Pois      19%        N/A       9%          3
 Manifold Assault         Tloc           32%        N/A       10%         4
 Inner Flame              Hex/Fire       11%        N/A       16%         3
 Arcjolt                  Conj/Air       17%        1d27      22%         5
 Blade Hands              Tmut           13%        N/A       38%         5
 Anguish                  Hex/Necr       5%         N/A       45%         4
 Orb of Destruction       Conj           28%        9d9       71%         7
 Animate Armour           Summ/Erth      Unusable   N/A       N/A         4
 Summon Guardian Golem    Hex/Summ       Unusable   N/A       N/A         3
 Spellforged Servitor     Conj/Summ      Unusable   N/A       N/A         7

Dungeon Overview and Level Annotations

Branches:
Dungeon (12/15)            Temple (1/1) D:7            Lair (4/5) D:11
 Shoals (0/4) Lair:3       Spider (0/4) Lair:3          Orc (0/2) D:11
  Sewer (visited)           IceCv (1/1)
  Slime: Lair:4-5

Altars:
Ashenzari
Cheibriados
Dithmenos
Elyvilon
Fedhas
Gozag
Hepliaklqana
Kikubaaqudgha
Makhleb
Nemelex Xobeh
Okawaru
Qazlal
Ru
Trog
Vehumet
Wu Jian
Xom
Yredelemnul
Zin
The Shining One

Shops:
D:12 **

Portals:
Trove: D:10 (give +2 gold dragon scales)


Innate Abilities, Weirdness & Mutations

You are immune to sickness and miasma.
Your stone body is resilient. (AC +10)
You are immune to poison.
Your large and strong wings let you fly.
You resist negative energy. (rN+)
You are resistant to electric shocks. (rElec)
You are resistant to unholy torment.
You are immune to petrification.


Message History

You shoot a sling bullet.
The sling bullet hits the white ugly thing but does no damage.
The white ugly thing is splashed with acid.
The white ugly thing is severely wounded.
The white ugly thing barely misses you.
You shoot a sling bullet.
The sling bullet closely misses the white ugly thing.
The sling bullet hits the death yak simulacrum but does no damage.
The death yak simulacrum is splashed with acid.
The acid corrodes the death yak simulacrum!
The death yak simulacrum is lightly damaged.
The white ugly thing stings you but does no damage.
You shoot a sling bullet.
The sling bullet hits the white ugly thing.
The white ugly thing is splashed with acid.
The white ugly thing is severely wounded.
The white ugly thing stings you. The white ugly thing freezes you! You resist.
The death yak simulacrum gores you. The death yak simulacrum freezes you!
You resist.
You are too injured to fight recklessly!
You are too injured to fight recklessly!
You shoot a sling bullet.
The sling bullet hits the white ugly thing.
The white ugly thing is splashed with acid.
The white ugly thing is almost dead.
The white ugly thing stings you but does no damage.
You shoot a sling bullet.
The sling bullet closely misses the white ugly thing.
The death yak simulacrum gores you but does no damage.
The white ugly thing stings you. The white ugly thing freezes you! You resist.
You are too injured to fight recklessly!
Fire: a) +3 greatsling "Punk" {acid, rCorr}
Press: ? - help, Q - select action, (/) - cycle Shift-Dir - straight line, f/p - white ugly thing
Aim: a white ugly thing (almost dead, covered in acid, 67% to hit)
You shoot a sling bullet.
The sling bullet barely misses the white ugly thing.
The white ugly thing barely misses you. The death yak simulacrum gores you!
* * * LOW HITPOINT WARNING * * *
The death yak simulacrum freezes you! You resist.
You die...

####### #######
#.....## ##..[.)#
#......###.....$#
#.......#..@u...#...
#.∩..∩......Z.........
#.......#.......#.....
#......###.....(#.....
#.....## ##..$$[# ....
####### ####### ####


You could see a white ugly thing (corroded) and a death yak simulacrum
(corroded).

Vanquished Creatures
  Gastronok (Lair:3)
  Fannar (Lair:3)
  Josephine (D:10)
  2 hydras
  A catoblepas (D:12)
  5 two-headed ogres
  Nergalle (Lair:2)
  Sonja (D:12)
  Amaemon (Lair:1)
  Lodul (D:12)
  An oklob plant (D:11)
  A manticore (D:11)
  An ugly thing (D:11)
  A cyclops (D:10)
  9 elephants (Lair:3)
  Joseph (D:7)
  A black mamba (Lair:2)
  A torpor snail (Lair:1)
  An orange demon (Lair:1)
  A gargoyle (D:12)
  9 cane toads
  4 kobold demonologists (D:11)
  4 komodo dragons
  6 rime drakes
  A queen bee (Lair:2)
  A polar bear (Lair:3)
  A troll (D:11)
  2 hornets
  4 jumping spiders (Lair:3)
  5 dream sheep (Lair:4)
  2 culicivoras (Lair:3)
  A wyvern (Lair:2)
  6 wraiths
  A basilisk (Lair:4)
  25 yaks
  3 steam dragons
  4 vampire mosquitoes (D:11)
  A death yak simulacrum (IceCv)
  2 wargs (D:11)
  5 acid dragons
  A hydra simulacrum (IceCv)
  9 water moccasins
  An ice beast (D:6)
  4 black bears
  6 ogres (D:12)
  4 orc warriors
  A centaur (D:10)
  13 wolves
  5 kobold brigands
  A phantom (D:6)
  2 necrophages (D:5)
  13 bullfrogs
  A gnoll sergeant (D:8)
  A cane toad simulacrum (IceCv)
  A scorpion (D:5)
  4 wights (D:8)
  32 killer bees
  2 howler monkeys
  An elephant simulacrum (Lair:4)
  7 hounds
  2 jellies (D:6)
  7 orc priests
  A gnoll bouda (D:5)
  4 iguanas
  14 orc wizards
  4 polar bear simulacra
  A wolf simulacrum (Lair:4)
  9 gnolls (D:5)
  6 river rats
  12 adders
  A shadow imp (D:7)
  2 ufetubi
  3 worms
  4 dart slugs
  48 orcs
  6 ball pythons
  3 bats
  5 endoplasms
  8 giant cockroaches
  5 hobgoblins
  3 quokkas
  A frilled lizard (D:2)
  9 goblins
  15 kobolds
  5 rats
  A butterfly (Lair:1)
408 creatures vanquished.

Vanquished Creatures (others)
  19 fungi
  44 plants
63 creatures vanquished.

Grand Total: 471 creatures vanquished

Notes
Turn   | Place    | Note
-------+----------+-------------------------------------------
     0 | D:1      | wilfster70 the Gargoyle Ice Elementalist began the quest
                  | for the Orb.
     0 | D:1      | Reached XP level 1. HP: 10/10 MP: 3/3
   193 | D:1      | Identified a scroll of acquirement
   193 | D:1      | Acquired the +3 greatsling "Punk" {acid, rCorr}
   193 | D:1      | Found the +3 greatsling "Punk" {acid, rCorr}
   241 | D:1      | Reached XP level 2. HP: 15/15 MP: 5/5
   560 | D:1      | Acquired the ring "Faego" {rElec AC+4 Str+4}
   829 | D:2      | Reached skill level 1 in Ranged Weapons
   829 | D:2      | Reached XP level 3. HP: 19/19 MP: 6/6
   833 | D:2      | Learned a level 3 spell: Frozen Ramparts
  1221 | D:2      | Found a faded altar of an unknown god.
  1376 | D:3      | Reached XP level 4. HP: 20/24 MP: 7/7
  1401 | D:3      | Reached skill level 5 in Ice Magic
  1444 | D:3      | Found a glowing drain.
  1467 | D:3      | Reached XP level 5. HP: 27/28 MP: 9/9
  1488 | Sewer    | Entered a sewer
  1533 | Sewer    | Acquired 743 gold pieces
  1606 | Sewer    | Noticed a kobold brigand
  1613 | Sewer    | Killed a kobold brigand
  1614 | Sewer    | Reached XP level 6. HP: 32/32 MP: 10/10
  1953 | D:3      | Found an ornate altar of the Wu Jian Council.
  2274 | D:3      | Found a burning altar of Makhleb.
  2289 | D:3      | Found an opulent altar of Gozag.
  2348 | D:3      | Found a radiant altar of Vehumet.
  2361 | D:3      | Found an ancient bone altar of Kikubaaqudgha.
  2678 | D:4      | Noticed a black bear
  2682 | D:4      | Killed a black bear
  2683 | D:4      | Reached XP level 7. HP: 36/36 MP: 11/13
  2796 | D:4      | Found a sacrificial altar of Ru.
  2917 | D:4      | Found a bloodstained altar of Trog.
  3177 | D:5      | Entered Level 5 of the Dungeon
  3257 | D:5      | Reached skill level 5 in Ranged Weapons
  3257 | D:5      | Reached skill level 5 in Spellcasting
  3257 | D:5      | Reached XP level 8. HP: 41/41 MP: 15/15
  3263 | D:5      | Learned a level 2 spell: Blink
  3309 | D:5      | Reached skill level 1 in Translocations
  3310 | D:5      | Found a shadowy altar of Dithmenos.
  3602 | D:5      | Found a sparkling altar of Nemelex Xobeh.
  4738 | D:6      | Reached XP level 9. HP: 45/45 MP: 16/16
  4756 | D:6      | Reached skill level 1 in Fighting
  5172 | D:7      | Found a staircase to the Ecumenical Temple.
  5181 | Temple   | Entered the Ecumenical Temple
  5206 | Temple   | Became a worshipper of Warmaster Okawaru
  5390 | D:7      | Reached skill level 1 in Invocations
  5655 | D:7      | Noticed Joseph
  5687 | D:8      | Noticed a hornet
  5942 | D:7      | Killed Joseph
  5969 | D:8      | Reached * piety under Okawaru
  6178 | D:8      | Killed a hornet
  6269 | D:8      | Reached XP level 10. HP: 57/58 MP: 17/17
  6280 | D:8      | Reached skill level 5 in Fighting
  6738 | D:8      | Found a broken altar of Ashenzari.
  6990 | D:8      | Found a hazy altar of Hepliaklqana.
  6992 | D:8      | Found a faded altar of an unknown god.
  7481 | D:9      | Reached skill level 5 in Invocations
  7486 | D:9      | Reached ** piety under Okawaru
  7772 | D:9      | Found a glowing golden altar of the Shining One.
  7984 | D:9      | Learned a level 2 spell: Passwall
  8217 | D:9      | Reached skill level 1 in Earth Magic
  8347 | D:9      | Reached skill level 1 in Transmutations
  8374 | D:9      | Found a white marble altar of Elyvilon.
  8627 | D:10     | Entered Level 10 of the Dungeon
  8633 | D:10     | Noticed a cyclops
  8637 | D:10     | Killed a cyclops
  8645 | D:10     | Found the +5 robe of Misfortune {Harm *Corrode *Slow EV+5}
  8707 | D:9      | Reached *** piety under Okawaru
  9082 | D:10     | Noticed a two-headed ogre
  9089 | D:10     | Killed a two-headed ogre
  9090 | D:10     | Reached XP level 11. HP: 19/64 MP: 18/18
  9414 | D:10     | Reached **** piety under Okawaru
  9442 | D:10     | Noticed Josephine
  9448 | D:10     | Killed Josephine
  9630 | D:10     | Found a portal to a secret trove of treasure.
  9671 | D:10     | Noticed a two-headed ogre
  9688 | D:10     | Reached skill level 10 in Invocations
 10045 | D:10     | Killed a two-headed ogre
 10045 | D:10     | Reached ***** piety under Okawaru
 10046 | D:10     | Reached skill level 5 in Earth Magic
 10266 | D:10     | Identified the +2 pair of boots of Subjectivity {rPois
                  | Will+ Int+3 Dex+4} (Okawaru gifted it to you on level 10 of
                  | the Dungeon)
 10266 | D:10     | Received a gift from Okawaru
 10491 | D:11     | Noticed a white ugly thing
 10503 | D:11     | Killed a white ugly thing
 10877 | D:11     | Reached skill level 1 in Polearms
 11048 | D:11     | Found a staircase to the Orcish Mines.
 11316 | D:11     | Noticed a manticore
 11320 | D:11     | Noticed a two-headed ogre
 11327 | D:11     | Killed a manticore
 11333 | D:11     | Killed a two-headed ogre
 11341 | D:11     | Noticed a two-headed ogre
 11347 | D:11     | Killed a two-headed ogre
 11348 | D:11     | Reached skill level 5 in Polearms
 11423 | D:11     | Reached XP level 12. HP: 70/70 MP: 19/19
 11598 | D:11     | Found a staircase to the Lair.
 11982 | D:11     | Noticed a two-headed ogre
 11990 | D:11     | Killed a two-headed ogre
 12495 | D:12     | Noticed Sonja
 12731 | Lair:1   | Entered Level 1 of the Lair of Beasts
 12882 | Lair:1   | Learned a level 6 spell: Iron Shot
 12968 | D:12     | Killed Sonja
 13226 | D:12     | Noticed Lodul
 13227 | D:12     | Noticed a catoblepas
 13234 | D:12     | Reached skill level 1 in Conjurations
 13240 | D:12     | Killed Lodul
 13241 | D:12     | Killed a catoblepas
 13555 | D:12     | Found Dusokoj's Assorted Antiques.
 13567 | D:12     | Bought an ichor-stained helmet for 256 gold pieces
 13567 | D:12     | Identified the +2 helmet "Gybb" {*Slow Fly Dex+4} (You
                  | bought it in a shop on level 12 of the Dungeon)
 13739 | D:12     | Found Zauvanna's Assorted Antiques.
 13744 | D:12     | Bought a scroll labelled OPEEZI VE BUBO for 30 gold pieces
 13744 | D:12     | Bought a scroll labelled XORCHU LAGROF for 30 gold pieces
 13744 | D:12     | Bought a scroll labelled XORCHU LAGROF for 30 gold pieces
 13744 | D:12     | Bought a scroll labelled JISKAPTOFIOB for 30 gold pieces
 13744 | D:12     | Bought a scroll labelled OPEEZI VE BUBO for 30 gold pieces
 14192 | Lair:1   | Reached ****** piety under Okawaru
 14193 | Lair:1   | Noticed Amaemon
 14215 | Lair:1   | Killed Amaemon
 14218 | Lair:1   | Received a gift from Okawaru
 14644 | Lair:1   | Noticed an eight-headed hydra
 14662 | Lair:1   | Reached XP level 13. HP: 14/74 MP: 14/22
 15216 | Lair:1   | Reached skill level 5 in Conjurations
 15828 | Lair:1   | Identified the +5 longbow "Ryuf Vaga" {vorpal, +Blink Str-4
                  | Int+4} (Okawaru gifted it to you on level 1 of the Lair of
                  | Beasts)
 15828 | Lair:1   | Received a gift from Okawaru
 16429 | Lair:2   | Noticed Nergalle
 16448 | Lair:2   | Killed Nergalle
 16819 | Lair:3   | Found a staircase to the Shoals.
 16876 | Lair:3   | Noticed Gastronok
 16930 | Lair:3   | Killed Gastronok
 16930 | Lair:3   | Identified the +1 halberd "Spiderbane" {venom, rC+ Str-4
                  | Int+5 Dex+2} (Okawaru gifted it to you on level 3 of the
                  | Lair of Beasts)
 16930 | Lair:3   | Received a gift from Okawaru
 16931 | Lair:3   | Reached skill level 10 in Earth Magic
 17362 | Lair:3   | Noticed Fannar
 17373 | Lair:3   | Killed Fannar
 17773 | Lair:3   | Received a gift from Okawaru
 18066 | Lair:3   | Found a hole to the Spider Nest.
 18397 | Lair:4   | Gained mutation: Your large and strong wings let you fly.
                  | [Gargoyle growth]
 18397 | Lair:4   | Reached XP level 14. HP: 66/80 MP: 25/27
 18542 | Lair:4   | Found a frozen archway.
 18574 | IceCv    | Entered an ice cave
 18618 | IceCv    | Slain by a death yak simulacrum

Illustrated notes

Levels and vault maps discovered:
D:1:      evilmike_arrival_plus, layout_rooms
D:2:      minmay_evil_eye, layout_loops_ring, ebering_ecumenical_altar_box
D:3:      layout_basic, palyth_temple_overflow_mages, nzn_wu_jian_contemplation,
          amethyst_overflow_temple_binary, portal_sewer_entry_c
D:4:      layout_basic, trog_book, nicolae_ru_great_annihilating_truth
D:5:      layout_loops_ring, nicolae_dithmenos_the_darkroom,
          overflow_temple_1_default
D:6:      layout_basic
D:7:      layout_loops_ring, minmay_temple_entry_poolview, uniq_joseph
D:8:      layout_loops_ring, mainiacjoe_overflow_cross_hatched,
          beargit_hepliaklqana_dungeon_heroes, grunt_ministairs_7,
          dk_noncrumbling_4
D:9:      layout_roguey, mainiacjoe_overflow_paths,
          nicolae_elyvilon_peaceful_grove
D:10:     layout_basic, nicolae_trove_entry_crossroad, pond, uniq_josephine
D:11:     layout_basic, dpeg_oklobed_lair, erik_orc_3
D:12:     layout_irregular_city, serial_shops, nicolae_shop_advertising_works
          [nicolae_subvault_shop_adworks], nicolae_shop_bloodbath_and_beyond,
          nicolae_shop_trees, nicolae_square_shop, uniq_psyche, uniq_sonja,
          uniq_lodul
Temple:   nicolae_temple_bog_church
Lair:1:   layout_long_grid, nzn_random_ring, lemuel_fruit_fields,
          serial_bayou_shore_a, uniq_urug, uniq_amaemon
Lair:2:   layout_roguey [special_room_bee], minivault_26, uniq_nergalle
Lair:3:   layout_regular_city, elwin_shoals_entry_rocks,
          nicolae_spider_entry_tight_spaces, uniq_fannar, uniq_gastronok
Lair:4:   nzn_winding_woodlands_medium [nzn_winding_woodlands_5x5_default,
          nzn_winding_woodlands_5x15_concentric,
          nzn_winding_woodlands_5x5_default, nzn_winding_woodlands_5x5_three,
          nzn_winding_woodlands_center_diamonds,
          nzn_winding_woodlands_5x5_closed_star,
          nzn_winding_woodlands_5x5_default, nzn_winding_woodlands_5x15_eye,
          nzn_winding_woodlands_5x5_default], layout_cave_shapes,
          portal_ice_cave_entry_ice_simulacra, uniq_snorg
IceCv:    ice_cave_statue_garden_chambered

Skill      XL: |  1  2  3  4  5  6  7  8  9 10 11 12 13 14 |
---------------+-------------------------------------------+-----
Ranged Weapons | 1 2 4 5 7 8 9 |  9.5
Ice Magic      | 5 6 |  6.0
Spellcasting   | 3 4 5 6 9 |  9.2
Translocations | 4 |  4.0
Fighting       | 4 6 |  6.0
Invocations    | 4 7 10 | 10.0
Earth Magic    | 4 6 8 10 | 10.0
Transmutations | 3 |  3.0
Polearms       | 5 9 |  9.0
Conjurations   | 4 8 9 |  9.1
Dodging        | |  1.5
Stealth        | |  2.1

Action                   |  1- 3 |  4- 6 |  7- 9 | 10-12 | 13-15 || total
-------------------------+-------+-------+-------+-------+-------++-------
Melee: Greatsling        |       |     1 |       |       |       ||     1
       Demon trident     |       |       |       |    66 |    25 ||    91
       Punch             |       |       |       |       |     2 ||     2
 Fire: Greatsling        |    44 |   111 |   233 |   497 |   358 ||  1243
 Cast: Freeze            |     3 |       |       |       |       ||     3
       Frozen Ramparts   |       |       |       |    18 |    15 ||    33
       Blink             |       |       |       |     2 |       ||     2
Invok: Heroism           |       |       |       |       |     1 ||     1
Evoke: Wand              |       |       |       |     1 |       ||     1
  Use: Scroll            |     2 |     4 |     7 |    14 |     2 ||    29
       Potion            |       |     2 |       |     1 |       ||     3
 Stab: Paralysed         |       |       |       |     4 |       ||     4
       Sleeping          |       |       |       |     1 |       ||     1
Armor: Robe              |     5 |    35 |    38 |       |       ||    78
       Steam dragon scal |       |       |     9 |   159 |   162 ||   330
Dodge: Dodged            |     6 |    46 |    60 |   234 |   173 ||   519

Table legend: (Time is in decaauts)
 A = Elapsed time spent in this place.
 B = Non-inter-level travel time spent in this place.
 C = Inter-level travel time spent in this place.
 D = Time resting spent in this place.
 E = Time spent auto-exploring this place.
 F = Levels seen in this place.
 G = Mean time per level.
                   A        B        C        D        E       F      G
               +--------+--------+--------+--------+--------+-----+--------+
         Total |  18717 |  17960 |    757 |   5584 |   6107 |  19 |  985.1 |
       Dungeon |  13400 |  12766 |    634 |   3903 |   4642 |  12 | 1116.7 |
        Temple |     43 |     26 |     17 |      0 |     14 |   1 |   43.0 |
          Lair |   4849 |   4745 |    104 |   1680 |   1388 |   4 | 1212.2 |
         Sewer |    382 |    382 |      0 |      0 |     63 |   1 |  382.0 |
      Ice Cave |     41 |     41 |      0 |      0 |      0 |   1 |   41.0 |
               +--------+--------+--------+--------+--------+-----+--------+

Top non-repeatable levels by time:
     D:9: 2256 daAuts
    D:11: 2218 daAuts
  Lair:1: 1860 daAuts
  Lair:3: 1560 daAuts
  Lair:2: 1242 daAuts
     D:6: 1204 daAuts
     D:8: 1155 daAuts
     D:5: 956 daAuts
    D:10: 947 daAuts
     D:7: 889 daAuts
    D:12: 846 daAuts
     D:3: 807 daAuts
     D:4: 755 daAuts
     D:1: 748 daAuts
     D:2: 614 daAuts
